 Dungeon Crawl Stone Soup version 0.30-a0-474-g5673dd7ce6 (webtiles) character file.

Game seed: 18157277991802691280

10 Ralffii009 the Stinger (level 2, 0/13 HPs)
             Began as a Spriggan Venom Mage on Dec 20, 2022.
             Slain by a kobold
             ... wielding a +0 whip
              (3 damage)
             ... on level 1 of the Dungeon.
             The game lasted 00:06:08 (350 turns).

Ralffii009 the Stinger (Spriggan Venom Mage)         Turns: 350, Time: 00:06:09

Health: 0/13       AC:  2    Str:  4    XL:     2   Next: 10%
Magic:  6/6        EV: 17    Int: 16    God:
Gold:   28         SH:  0    Dex: 15    Spells: 5/6 levels left

rFire   . . .      SeeInvis +    c - +0 dagger (elec)
rCold   . . .      Faith    .    (no shield)
rNeg    . . .      Spirit   .    a - +0 robe
rPois   .          Reflect  .    (helmet restricted)
rElec   .          Harm     .    (no cloak)
rCorr   .          Rampage  .    (gloves unavailable)
Will    .....                    (boots unavailable)
Stlth   ++........               (no amulet)
HPRegen 0.22/turn                (no ring)
MPRegen 0.10/turn                (no ring)

@: very quick
A: very small, no large weapons, unfitting armour, see invisible, speed 3
a: no special abilities


You were on level 1 of the Dungeon.
You visited 1 branch of the dungeon, and saw 1 of its levels.

You collected 28 gold pieces.

Inventory:

Hand Weapons
 c - a +0 dagger of electrocution (weapon)
 d - a +0 dagger
 g - a +0 whip
 h - a +0 mace
 i - a +0 club
 j - a +0 mace
Armour
 a - a +0 robe (worn)
 f - a +0 robe
Scrolls
 e - a scroll of noise {unknown}
Potions
 b - a potion of magic


   Skills:
 + Level 0.2 Fighting
 + Level 0.7 Short Blades
 + Level 2.6 Dodging
 + Level 3.0 Stealth
 + Level 2.9 Spellcasting
 + Level 1.3 Transmutations
 + Level 3.2 Poison Magic


You had 5 spell levels left.
You knew the following spells:

 Your Spells              Type           Power      Damage    Failure   Level
a - Sting                 Tmut/Pois      36%        1d4       8%          1

Your spell library contained the following spells:

 Spells                   Type           Power      Damage    Failure   Level
 Poisonous Vapours        Pois/Air       14%        N/A       14%         2
 Mephitic Cloud           Conj/Pois/Air  5%         N/A       36%         3
 Olgreb's Toxic Radiance  Pois           12%        N/A       43%         4


Dungeon Overview and Level Annotations

Branches:
Dungeon (1/15)

Altars:


Innate Abilities, Weirdness & Mutations

You are very small and have problems with some larger weapons.
You are too small for most types of armour.
You have supernaturally acute eyesight. (SInv)
You cover ground extremely quickly. (Speed+++)


Message History

The ball python barely misses you. The ball python constricts you.
The kobold hits you with a +0 dagger.
You hit the kobold.
The kobold is severely wounded.
The ball python barely misses you. The ball python constricts you.
The frilled lizard barely misses you. The kobold closely misses you.
You barely miss the frilled lizard.
The ball python bites you but does no damage.
The ball python constricts you. The frilled lizard closely misses you.
The kobold hits you with a +0 dagger. The ball python bites you.
The ball python constricts you.
You hit the ball python.
You kill the ball python!
The frilled lizard bites you.
* * * LOW HITPOINT WARNING * * *
You have reached level 2!
Welcome back, Ralffii009 the Spriggan Venom Mage.
Press ? for a list of commands and other information.
Welcome back, Ralffii009 the Spriggan Venom Mage.
Press ? for a list of commands and other information.
You hit the kobold.
You kill the kobold!
The frilled lizard misses you.
The kobold throws a stone.
The stone barely misses you.
You miss the frilled lizard. The frilled lizard misses you.
The kobold throws a stone.
The stone hits you.
* * * LOW HITPOINT WARNING * * *
You hit the frilled lizard.
You kill the frilled lizard!
The kobold throws a stone.
The stone barely misses you.
You hit the dart slug.
The dart slug is lightly wounded.
The kobold throws a stone.
The stone misses you.
You hit the dart slug but do no damage.
The dart slug is lightly wounded.
The dart slug completely misses you.
You hit the dart slug.
The dart slug is moderately wounded.
The dart slug misses you. The kobold hits you with a +0 whip.
You die...

#######
######...!.#
#..........+
#.......†@)# .
#........Kw#....
+................
#.....###........
####.............
#.#####..##.##
#.#####.......
#.#... .###.#.
########'#'###..
#


You could see a dart slug and a kobold.

Vanquished Creatures
  A bat (D:1)
  A giant cockroach (D:1)
  2 goblins (D:1)
  2 kobolds (D:1)
  A ball python (D:1)
  A frilled lizard (D:1)
  A rat (D:1)
9 creatures vanquished.

Notes
Turn   | Place    | Note
-------+----------+-------------------------------------------
     0 | D:1      | Ralffii009 the Spriggan Venom Mage began the quest for the
                  | Orb.
     0 | D:1      | Reached XP level 1. HP: 9/9 MP: 5/5
   345 | D:1      | Reached XP level 2. HP: 3/13 MP: 6/6
   350 | D:1      | Slain by a kobold

Illustrated notes

Levels and vault maps discovered:
D:1:      lightli_arrival_chessboard, layout_basic, interstate_on_off,
          minmay_tetromino_i2

Action                   || total
-------------------------++-------
Melee: Dagger            ||    37
       Unarmed           ||     1
  Use: Potion            ||     1
Armor: Robe              ||     3
Dodge: Dodged            ||    37

Table legend: (Time is in decaauts)
 A = Elapsed time spent in this place.
 B = Non-inter-level travel time spent in this place.
 C = Inter-level travel time spent in this place.
 D = Time resting spent in this place.
 E = Time spent auto-exploring this place.
 F = Levels seen in this place.
 G = Mean time per level.
                   A        B        C        D        E       F      G
               +--------+--------+--------+--------+--------+-----+--------+
         Total |    229 |    111 |    118 |      0 |      0 |   1 |  229.0 |
       Dungeon |    229 |    111 |    118 |      0 |      0 |   1 |  229.0 |
               +--------+--------+--------+--------+--------+-----+--------+

Top non-repeatable levels by time:
     D:1: 229 daAuts
